 Dungeon Crawl Stone Soup version 0.31-a0-524-g2a164cf6a2 (webtiles) character file.

Game seed: 12348155368284527523

5182 AdnanSaban the Basher (level 10, -5/64 HPs)
             Began as a Gargoyle Fighter on Aug 12, 2023.
             Was a Believer of Okawaru.
             Slain by a skeletal warrior
             ... wielding a +1 short sword of speed
              (13 damage)
             ... on level 7 of the Dungeon.
             The game lasted 00:12:35 (7508 turns).

AdnanSaban the Basher (Gargoyle Fighter)            Turns: 7508, Time: 00:12:36

Health: -5/64      AC: 24    Str: 23    XL:     10   Next: 60%
Magic:  8/10       EV:  9    Int: 10    God:    Okawaru [**....]
Gold:   668        SH:  6    Dex:  9    Spells: 9/9 levels left

rFire   . . .        A - +0 morningstar
rCold   . . .        c - +0 buckler
rNeg    + . .        o - +0 plate armour
rPois   ∞            (no helmet)
rElec   +            (no cloak)
rCorr   .            (no gloves)
SInv    .            w - +0 pair of boots
Will    .....        e - amulet of regeneration Stlth
                     n - ring of flight
HPRegen 1.10/turn    (no ring)
MPRegen 0.12/turn

%: no passive effects
@: heroic, flying
A: sickness immunity, AC +7, negative energy resistance 1, electricity
resistance, torment resistance 1, petrification resistance
a: Renounce Religion, Heroism


You were on level 7 of the Dungeon.
You worshipped Okawaru.
Okawaru was pleased with you.
You visited 2 branches of the dungeon, and saw 9 of its levels.

You collected 668 gold pieces.

Inventory:

Hand Weapons
 A - a +0 morningstar (weapon)
Missiles
 g - 8 javelins
 y - 6 poisoned darts
 B - 7 boomerangs (quivered)
Armour
 c - a +0 buckler (worn)
 o - a +0 plate armour (worn)
 w - a +0 pair of boots (worn)
Jewellery
 e - an amulet of regeneration (around neck)
 n - a ring of flight (left hand)
 x - a ring of fire
 D - a ring of willpower
Wands
 C - a wand of polymorph (10)
 F - a wand of flame (12)
 I - a wand of roots (12)
Scrolls
 a - 2 scrolls of immolation {unknown}
 h - 2 scrolls of teleportation {unknown}
 i - a scroll of fear {unknown}
 j - 2 scrolls of enchant armour {unknown}
 k - 2 scrolls of revelation {unknown}
 p - 3 scrolls of noise {unknown}
 q - 3 scrolls of fog {unknown}
 t - 7 scrolls of identify {unknown}
 u - a scroll of blinking {unknown}
 z - 2 scrolls of enchant weapon {unknown}
 E - a scroll of amnesia {unknown}
 H - a scroll of brand weapon {unknown}
Potions
 b - 5 potions of curing {unknown}
 d - 2 potions of might
 f - 4 potions of attraction {unknown}
 l - 2 potions of haste {unknown}
 m - 2 potions of cancellation {unknown}
 r - 2 potions of heal wounds {unknown}
 s - 2 potions of lignification {unknown}
 v - 2 potions of magic {unknown}
 G - 2 potions of mutation {unknown}


   Skills:
 + Level 7.6(12.6) Fighting
 + Level 10.8(15.8) Maces & Flails
 + Level 1.1(6.1) Throwing
 + Level 8.6(13.6) Armour
 + Level 1.6(6.6) Dodging
 + Level 0.2(5.2) Stealth
 + Level 6.3(11.3) Shields
 + Level 0.1 Invocations


You had 9 spell levels left.
You didn't know any spells.
Your spell library contained the following spells:

 Spells                   Type           Power      Damage    Failure   Level
 Ensorcelled Hibernation  Hex/Ice        0%         N/A       99%         2
 Lesser Beckoning         Tloc           0%         N/A       99%         2
 Passwall                 Tmut/Erth      0%         N/A       99%         2
 Gell's Gravitas          Tloc           0%         N/A       100%        3
 Ozocubu's Armour         Ice            0%         N/A       100%        3
 Swiftness                Air            0%         N/A       100%        3
 Teleport Other           Tloc           0%         N/A       100%        3
 Vhi's Electric Charge    Tloc/Air       0%         N/A       100%        3
 Arcjolt                  Conj/Air       0%         1d10      100%        5
 Metabolic Englaciation   Hex/Ice        0%         N/A       100%        5
 Maxwell's Capacitive Co  Air            0%         ∞         100%        8
 Simulacrum               Ice/Necr       Unusable   N/A       N/A         6

Dungeon Overview and Level Annotations

Branches:
Dungeon (8/15)             Temple (1/1) D:7
   Lair: D:8-11

Altars:
Ashenzari
Cheibriados
Dithmenos
Elyvilon
Gozag
Hepliaklqana
Kikubaaqudgha
Makhleb
Nemelex Xobeh
Okawaru
Qazlal
Ru
Sif Muna
Trog
Uskayaw
Vehumet
Wu Jian
Xom
Yredelemnul
Zin

Shops:
D:3 (   D:6 :((

Annotations:
D:3 1 runed translucent door, Zlot's ghost, weakling DsGl
D:7 Jeremiah


Innate Abilities, Weirdness & Mutations

You are immune to sickness and miasma.
Your stone body is resilient. (AC +7)
You are immune to poison.
You resist negative energy. (rN+)
You are resistant to electric shocks. (rElec)
You are resistant to unholy torment.
You are immune to petrification.


Message History

The skeletal warrior hits you with a +1 short sword of speed.
You barely miss the skeletal warrior.
The skeletal warrior hits you with a +1 short sword of speed!
The skeletal warrior hits you with a +1 short sword of speed.
You completely miss the skeletal warrior.
The skeletal warrior hits you with a +1 short sword of speed.
You gain the combat prowess of a mighty hero.
The skeletal warrior misses you.
The skeletal warrior hits you with a +1 short sword of speed.
You hit the skeletal warrior but do no damage.
The skeletal warrior hits you with a +1 short sword of speed!
You are too injured to fight recklessly!
You are too injured to fight recklessly!
You are too injured to fight recklessly!
You closely miss the skeletal warrior.
The skeletal warrior hits you with a +1 short sword of speed!
* * * LOW HITPOINT WARNING * * *
You barely miss the skeletal warrior.
The skeletal warrior hits you with a +1 short sword of speed!
* * * LOW HITPOINT WARNING * * *
You thump the skeletal warrior!
The skeletal warrior is lightly damaged.
You block the skeletal warrior's attack.
You hit the skeletal warrior but do no damage.
The skeletal warrior is lightly damaged.
You block the skeletal warrior's attack.
You puncture the skeletal warrior!
The skeletal warrior is moderately damaged.
The skeletal warrior hits you with a +1 short sword of speed.
* * * LOW HITPOINT WARNING * * *
You hit the skeletal warrior.
The skeletal warrior is heavily damaged.
The skeletal warrior hits you but does no damage.
You puncture the skeletal warrior!
The skeletal warrior is severely damaged.
You block the skeletal warrior's attack.
You hit the skeletal warrior.
The skeletal warrior is severely damaged.
The skeletal warrior hits you with a +1 short sword of speed!
You die...

.# #.>....## #.#.##.####.###.#.
.# ######..# #.#.##.#......#.#.
.# ##.# #.#.##.#.#.##.#... .##
### #.### #.#.#<............ ..#
#.####...###.#.#######.####..
#.###....[......[#.............##
#...#.######[....#......######.##
##....# #####...###### #.##
.#..#.# #..@.## #.## .##...#####
#.z..# ##### #.## ...(#.....#
#....# #...# #.## ###...(...#
#....# #...# #.## #.........#
#...)# #...# #.##
..###'########....# #<..# #.##
............##....#####...####.##
#####.......##....'...'...'..#.##
....#.(.....##....#####...##.....


You could see a skeletal warrior.

Vanquished Creatures
  A skeletal warrior (D:8)
  Pikel (D:8)
  Joseph (D:7)
  Prince Ribbit (D:8)
  3 steam dragons
  Edmund (D:6)
  2 water moccasins
  A black bear (D:7)
  Duvessa (D:7)
  A sky beast (D:4)
  2 orc warriors
  An ice beast (D:7)
  An ogre (D:4)
  A centaur (D:8)
  2 lemures (D:8)
  2 phantoms
  3 bullfrogs
  6 scorpions
  3 wights (D:6)
  Dowan (D:7)
  5 killer bees
  4 howler monkeys
  2 jellies (D:6)
  4 orc priests (D:5)
  3 hounds (D:6)
  2 sleepcaps
  2 gnoll boudas
  8 orc wizards
  3 iguanas
  8 gnolls
  9 adders
  2 shadow imps (D:7)
  3 white imps
  2 worms (D:2)
  2 dart slugs (D:1)
  34 orcs
  6 ball pythons
  6 endoplasms
  A giant cockroach (D:2)
  5 goblins
  10 hobgoblins
  12 jackals
  9 kobolds
  2 quokkas (D:3)
  7 bats
  16 frilled lizards
  4 rats
206 creatures vanquished.

Notes
Turn   | Place    | Note
-------+----------+-------------------------------------------
     0 | D:1      | AdnanSaban the Gargoyle Fighter began the quest for the
                  | Orb.
     0 | D:1      | Reached XP level 1. HP: 14/14 MP: 1/1
    81 | D:1      | Reached XP level 2. HP: 17/19 MP: 2/2
   641 | D:1      | Reached XP level 3. HP: 24/24 MP: 3/3
  1095 | D:2      | Reached skill level 3 in Maces & Flails
  1095 | D:2      | Reached XP level 4. HP: 29/29 MP: 4/4
  1756 | D:3      | Reached XP level 5. HP: 33/33 MP: 5/5
  1860 | D:3      | Found a faded altar of an unknown god.
  1948 | D:3      | Found a runed translucent door.
  1951 | D:3      | Noticed Zlot's ghost (weakling DsGl)
  2005 | D:3      | Found Osoph's Antique Weapon Shop.
  2297 | D:4      | Reached skill level 4 in Maces & Flails
  2362 | D:3      | Reached XP level 6. HP: 36/38 MP: 6/6
  2606 | D:4      | Reached skill level 5 in Maces & Flails
  2820 | D:4      | Reached XP level 7. HP: 43/44 MP: 7/7
  2989 | D:5      | Entered Level 5 of the Dungeon
  3130 | D:4      | Reached skill level 6 in Maces & Flails
  3130 | D:4      | Reached skill level 5 in Armour
  3188 | D:4      | Reached skill level 1 in Dodging
  3188 | D:4      | Reached XP level 8. HP: 35/48 MP: 8/8
  3226 | D:5      | Reached skill level 5 in Fighting
  3314 | D:5      | Found a hide-covered altar of Uskayaw.
  3618 | D:5      | Reached skill level 7 in Maces & Flails
  4209 | D:6      | Found a radiant altar of Vehumet.
  4219 | D:6      | Reached skill level 5 in Shields
  4293 | D:6      | Found Ydah's Weapon Boutique.
  4488 | D:6      | Reached skill level 8 in Maces & Flails
  4488 | D:6      | Reached XP level 9. HP: 55/55 MP: 9/9
  4601 | D:6      | Identified the +1 cloak "Siqoc" {+Inv Fly}
  4671 | D:6      | Noticed Edmund
  4690 | D:6      | Killed Edmund
  4742 | D:6      | Found Ihaethru's Book Boutique.
  4938 | D:6      | Found a glowing silver altar of Zin.
  5006 | D:6      | Found Gaomyow's Antique Weapon Shop.
  5271 | D:7      | Noticed Jeremiah
  5381 | D:6      | Reached skill level 9 in Maces & Flails
  5594 | D:7      | Noticed Joseph
  5614 | D:7      | Killed Joseph
  5763 | D:7      | Found a staircase to the Ecumenical Temple.
  5883 | Temple   | Entered the Ecumenical Temple
  5897 | Temple   | Became a worshipper of Warmaster Okawaru
  5974 | D:7      | Noticed Duvessa
  5989 | D:7      | Killed Duvessa
  5990 | D:7      | Noticed Dowan
  6011 | D:7      | Killed Dowan
  6061 | D:7      | Reached XP level 10. HP: 63/63 MP: 10/10
  6076 | D:7      | Reached * piety under Okawaru
  6425 | D:7      | Found a burning altar of Makhleb.
  6492 | D:8      | Reached skill level 10 in Maces & Flails
  6574 | D:8      | Noticed Pikel
  6599 | D:8      | Killed Pikel
  6651 | D:8      | Noticed a skeletal warrior
  6651 | D:8      | Noticed a skeletal warrior
  6651 | D:8      | Noticed a skeletal warrior
  6651 | D:8      | Noticed a skeletal warrior
  6651 | D:8      | Noticed a skeletal warrior
  6918 | D:8      | Noticed Prince Ribbit
  6948 | D:8      | Killed Prince Ribbit
  7062 | D:8      | Killed a skeletal warrior
  7062 | D:8      | Reached ** piety under Okawaru
  7063 | D:8      | Reached skill level 1 in Throwing
  7508 | D:7      | Slain by a skeletal warrior

Illustrated notes

Levels and vault maps discovered:
D:1:      giann_bridges, layout_loops_corners, chequers_mini_garden,
          minmay_tripent
D:2:      layout_basic
D:3:      layout_basic, serial_forest, infiniplex_forest_lined_3,
          infiniplex_forest_lined_3_way, infiniplex_forest_clump_curved,
          infiniplex_forest_clump_double, infiniplex_forest_lined_1,
          infiniplex_forest_corner_2, infiniplex_forest_corner_1,
          infiniplex_forest_3_way, infiniplex_forest_clump_small,
          shapermc_ecumenical_altar_mp_urbaneastern, serial_shops, shop,
          hellmonk_ghost_happy_afterlife, serial_bayou_pond_a
D:4:      layout_rooms, minmay_lizard_king
D:5:      layout_gridville, nicolae_uskayaw_dance_hall, guppyfry_early_orc_mine
D:6:      layout_gridville, kennysheep_little_box, vehumet_crystals,
          serial_shops, nicolae_shop_bloodbath_and_beyond, shop,
          kennysheep_mini_moat, dreamdust_wishing_well,
          nicolae_figureground_pulse, uniq_edmund
D:7:      cheibrodos_steamvent, layout_basic, lightli_temple_of_fire,
          minmay_temple_entry_slanted, uniq_duvessa, uniq_joseph, uniq_jeremiah
D:8:      layout_basic, mainiacjoe_overflow_paths,
          ebering_dispersal_statue_hall, uniq_pikel, uniq_prince_ribbit1
Temple:   nicolae_temple_bog_church

Skill      XL: |  1  2  3  4  5  6  7  8  9 10 |
---------------+-------------------------------+-----
Maces & Flails | 3 4 5 6 8 9 10 | 10.8
Fighting       | 4 5 7 |  7.6
Armour         | 4 5 6 7 8 |  8.6
Shields        | 4 5 6 |  6.3
Dodging        | 1 |  1.6
Throwing       | 1 |  1.1
Stealth        | |  0.2
Invocations    | |  0.1

Action                     |  1- 3 |  4- 6 |  7- 9 | 10-12 || total
---------------------------+-------+-------+-------+-------++-------
  Melee: Flail             |   138 |   254 |   273 |       ||   665
         Morningstar       |       |       |   233 |   147 ||   380
  Throw: Dart              |       |       |     8 |     4 ||    12
         Boomerang         |       |       |       |     6 ||     6
 Invoke: Heroism           |       |       |       |     2 ||     2
 Armour: Chain mail        |    97 |    10 |       |       ||   107
         Plate armour      |       |   185 |   518 |    67 ||   770
  Dodge: Dodged            |    64 |   100 |   213 |    39 ||   416
  Block: Buckler           |    32 |    64 |   135 |    33 ||   264

Table legend: (Time is in decaauts)
 A = Elapsed time spent in this place.
 B = Non-inter-level travel time spent in this place.
 C = Inter-level travel time spent in this place.
 D = Time resting spent in this place.
 E = Time spent auto-exploring this place.
 F = Levels seen in this place.
 G = Mean time per level.
                   A        B        C        D        E       F      G
               +--------+--------+--------+--------+--------+-----+--------+
         Total |   7682 |   7268 |    414 |    265 |   4709 |   9 |  853.6 |
       Dungeon |   7654 |   7266 |    388 |    265 |   4709 |   8 |  956.8 |
        Temple |     28 |      2 |     26 |      0 |      0 |   1 |   28.0 |
               +--------+--------+--------+--------+--------+-----+--------+

Top non-repeatable levels by time:
     D:7: 1406 daAuts
     D:6: 1241 daAuts
     D:4: 973 daAuts
     D:1: 936 daAuts
     D:5: 926 daAuts
     D:3: 766 daAuts
     D:2: 720 daAuts
     D:8: 683 daAuts
  Temple: 28 daAuts
